 Dungeon Crawl Stone Soup version 0.30-a0-4-ga7cffc901d (webtiles) character file.

Game seed: 16580065953389076563

32239 Flugkiller the Hand of Fortune (level 13, 0/111 HPs)
             Began as a Ghoul Earth Elementalist on Aug 21, 2022.
             Was the Champion of Nemelex Xobeh.
             Slain by a polar bear (9 damage)
             ... while petrified by a basilisk
             ... on level 4 of the Lair of Beasts.
             The game lasted 00:36:24 (20754 turns).

Flugkiller the Hand of Fortune (GhEE)              Turns: 20754, Time: 00:36:25

Health: 0/111      AC: 15    Str: 13    XL:     13   Next: 63%
Magic:  8/21       EV:  2    Int: 17    God:    Nemelex Xobeh [******]
Gold:   996        SH:  0    Dex:  9    Spells: 16/24 levels left

rFire   + + .      SeeInvis .    a - +6 long sword (protect)
rCold   + + .      Faith    .    (no shield)
rNeg    + + +      Spirit   .    G - +3 leather armour {rF+}
rPois   ∞          Reflect  .    J - +2 hat
rElec   .          Harm     .    h - scarf {rC+ rF+}
rCorr   .          Rampage  .    Q - +2 pair of gloves "Hotog" {Will+ Int+3}
Will    +....                    f - +2 pair of boots
Stlth   +.........               (no amulet)
HPRegen 0.00/turn                j - +4 ring of slaying
MPRegen 0.17/turn                v - +4 ring of evasion

@: petrified, inhibited regen
A: claws 1, cold resistance 1, negative energy resistance 3, inhibited
regeneration, torment resistance 2, devour on kill
a: Renounce Religion, Draw Escape, Draw Destruction, Draw Summoning, Triple
Draw, Deal Four, Stack Five


You were on level 4 of the Lair of Beasts.
You worshipped Nemelex Xobeh.
Nemelex Xobeh was exalted by your worship.
You visited 2 branches of the dungeon, and saw 15 of its levels.
You also visited: Ice Cave.

You collected 996 gold pieces.

Inventory:

Hand Weapons
 a - a +6 long sword of protection (weapon)
   (You took it off a wight on level 8 of the Dungeon)
 c - a +0 double sword
   (You found it on level 1 of the Lair of Beasts)
 P - a +4 short sword of flaming
   (You found it on level 2 of the Dungeon)
Missiles
 e - 6 boomerangs
Armour
 f - a +2 pair of boots (worn)
   (You found it on level 3 of the Dungeon)
 h - a scarf of resistance (worn)
   (You found it on level 2 of the Dungeon)
 C - the +2 robe of Soucwoara {rF++ rN+ Dex-5}
   (You found it on level 5 of the Dungeon)

   Dex:       It affects your dexterity (-5).
   rF:        It greatly protects you from fire.
   rN:        It protects you from negative energy.
 G - a +3 leather armour of fire resistance (worn)
   (You took it off Eustachio on level 5 of the Dungeon)
 J - a +2 hat (worn)
   (You found it on level 7 of the Dungeon)
 Q - the +2 pair of gloves "Hotog" (worn) {Will+ Int+3}
   (You found it on level 9 of the Dungeon)

   Int:       It affects your intelligence (+3).
   Will:      It increases your willpower.
 R - a +0 cloak
   (You found it on level 9 of the Dungeon)
Magical Staves
 b - a staff of earth
   (You found it on level 2 of the Lair of Beasts)
Jewellery
 i - a ring of see invisible
   (You found it on level 7 of the Dungeon)
 j - a +4 ring of slaying (left hand)
   (You found it on level 7 of the Dungeon)
 v - a +4 ring of evasion (right hand)
   (You found it in an ice cave)
 L - a ring of wizardry
   (You found it on level 8 of the Dungeon)
 S - a ring of ice
   (You found it on level 10 of the Dungeon)
Wands
 A - a wand of roots (20)
   (You found it on level 4 of the Dungeon)
 B - a wand of flame (24)
   (You found it on level 5 of the Dungeon)
 D - a wand of quicksilver (2)
   (You found it on level 5 of the Dungeon)
 O - a wand of paralysis (1)
   (You took it off an orc on level 9 of the Dungeon)
 U - a wand of mindburst (1)
   (You found it on level 2 of the Lair of Beasts)
 Y - a wand of polymorph (3)
   (You found it on level 2 of the Lair of Beasts)
Scrolls
 g - 5 scrolls of fog
 k - 2 scrolls of immolation
 l - 2 scrolls of silence
 o - 5 scrolls of amnesia
 p - 3 scrolls of vulnerability
 t - 4 scrolls of teleportation
 x - 2 scrolls of fear
 y - a scroll of acquirement {unknown}
 E - 2 scrolls of magic mapping
 I - 2 scrolls of torment
 M - a scroll of brand weapon
 N - 2 scrolls of enchant weapon
 T - a scroll of enchant armour {unknown}
 V - 2 scrolls of poison
Potions
 d - 3 potions of attraction
 m - 4 potions of magic
 n - 2 potions of resistance
 q - 5 potions of curing
 s - 2 potions of ambrosia {unknown}
 u - a potion of might {unknown}
 w - 4 potions of heal wounds
 z - 4 potions of haste {unknown}
 F - a potion of degeneration {unknown}
 K - 3 potions of flight {unknown}
 W - a potion of experience {unknown}


   Skills:
 - Level 9.0 Fighting
 - Level 2.0(6.5) Short Blades
 + Level 9.9(10.0) Long Blades
 - Level 5.0 Armour
 - Level 1.7 Dodging
 - Level 2.1 Stealth
 - Level 6.0 Spellcasting
 - Level 4.0 Conjurations
 - Level 5.0 Transmutations
 - Level 10.0 Earth Magic
 - Level 11.0 Invocations
 - Level 6.0 Evocations


You had 16 spell levels left.
You knew the following spells:

 Your Spells              Type           Power      Damage    Failure   Level
a - Sandblast             Erth           78%        2d17      1%          1
b - Stone Arrow           Conj/Erth      56%        3d10      2%          3
c - Petrify               Tmut/Erth      30%        N/A       7%          4

Your spell library contained the following spells:

 Spells                   Type           Power      Damage    Failure   Level
 Passwall                 Tmut/Erth      25%        N/A       1%          2
 Magic Dart               Conj           72%        1d6       3%          1
 Apportation              Tloc           10%        N/A       16%         1
 Necrotise                Necr           20%        1d5       16%         1
 Summon Small Mammal      Summ           20%        N/A       16%         1
 Leda's Liquefaction      Hex/Erth       11%        N/A       21%         4
 Scorch                   Fire           10%        2d6       24%         2
 Call Canine Familiar     Summ           5%         N/A       43%         3
 Confusing Touch          Hex            5%         N/A       43%         3
 Inner Flame              Hex/Fire       5%         N/A       43%         3
 Ozocubu's Armour         Ice            5%         N/A       43%         3
 Portal Projectile        Hex/Tloc       10%        N/A       43%         3
 Flame Wave               Conj/Fire      11%        2d6       56%         4
 Fulminant Prism          Conj/Hex       5%         3d7       56%         4
 Cause Fear               Hex            2%         N/A       83%         4
 Yara's Violent Unravell  Hex/Tmut       6%         3d5       83%         5
 Freezing Cloud           Conj/Ice/Air   4%         6-21      95%         5
 Simulacrum               Ice/Necr       2%         N/A       100%        6
 Summon Cactus Giant      Summ           2%         N/A       100%        6
 Enfeeble                 Hex            2%         N/A       100%        7
 Ozocubu's Refrigeration  Ice            2%         4d8       100%        7
 Discord                  Hex            2%         N/A       100%        8
 Chain Lightning          Conj/Air       5%         3d7       100%        9
 Polar Vortex             Ice            2%         N/A       100%        9


Dungeon Overview and Level Annotations

Branches:
Dungeon (11/15) Zot: 24687  Temple (0/1) D:7            Lair (4/5) D:10 Zot: 18158
  Swamp (0/4) Lair:2       Spider (0/4) Lair:3        IceCv (visited)
  Slime: Lair:4-5       Orc: D:9-12

Altars:
Cheibriados
Makhleb
Nemelex Xobeh
Uskayaw
Vehumet

Annotations:
D:7 1 transporter, kae's ghost, novice DsGl
Lair:1 2 transporters
Lair:2 4 runed translucent doors, Gastronok; stringoo's ghost, journeyman OpGl


Innate Abilities, Weirdness & Mutations

You are immune to poison.
You have sharp fingernails.
Your flesh is cold resistant. (rC+)
You are immune to negative energy. (rN+++)
You do not regenerate when monsters are visible.
You are immune to unholy pain and torment.
You thrive by killing the living.


Message History

You feel better.
Found a scroll of immolation.
Found a stone staircase leading down.
You are too injured to fight recklessly!
Casting: Sandblast (safe; 1% risk of failure)
Confirm with . or Enter, or press ? or * to list all spells.
Aiming: Sandblast (safe; 1% risk of failure)
Press: ? - help, Shift-Dir - straight line, f - polar bear
Aim: a polar bear (88% to hit)
The blast of sand hits the polar bear!
The polar bear is moderately wounded.
The polar bear bites you!
The polar bear claws you but does no damage.
The polar bear misses you.
Casting: Sandblast (safe; 1% risk of failure)
Confirm with . or Enter, or press ? or * to list all spells.
Aiming: Sandblast (safe; 1% risk of failure)
Press: ? - help, Shift-Dir - straight line, f/p - polar bear
Aim: a polar bear (moderately wounded, 88% to hit)
The blast of sand hits the polar bear.
The polar bear is moderately wounded.
The polar bear misses you.
The polar bear claws you but does no damage. x2
The polar bear bites you.
The polar bear claws you but does no damage.
The polar bear barely misses you.
You slash the polar bear!
Your weapon exudes an aura of protection.
The polar bear is heavily wounded.
You hit the polar bear.
The polar bear is heavily wounded.
The polar bear bites you but does no damage.
The polar bear closely misses you.
The polar bear claws you but does no damage.
You hit the polar bear.
The polar bear is heavily wounded.
A basilisk comes into view.
The polar bear bites you.
The polar bear claws you but does no damage.
The polar bear closely misses you.
You completely miss the polar bear.
The polar bear is heavily wounded.
The polar bear barely misses you.
The polar bear claws you but does no damage.
The polar bear misses you.
Casting: Sandblast (safe; 1% risk of failure)
Confirm with . or Enter, or press ? or * to list all spells.
Aiming: Sandblast (safe; 1% risk of failure)
Press: ? - help, Shift-Dir - straight line, f/p - polar bear
Aim: a polar bear (heavily wounded, 88% to hit)
The blast of sand hits the polar bear!
The polar bear is almost dead.
The basilisk hisses angrily.
The polar bear goes berserk!
The basilisk gazes at you.
You are slowing down.
The polar bear bites you but does no damage.
The polar bear barely misses you.
The polar bear claws you but does no damage.
You draw a card...
You have drawn the Pentagram.
The polar bear barely misses you. x3; The polar bear closely misses you. x2
The polar bear claws you.
You have turned to stone.
The polar bear bites you!
The polar bear claws you but does no damage. x2
Liygikhloam gestures at the basilisk.
The poison arrow hits the basilisk!!!
The basilisk looks as sick as possible!
The basilisk dies!
The polar bear bites you!
* * * LOW HITPOINT WARNING * * *
The polar bear claws you but does no damage. x2
The polar bear bites you!
* * * LOW HITPOINT WARNING * * *
The polar bear barely misses you.
The polar bear claws you but does no damage.
The polar bear bites you!
* * * LOW HITPOINT WARNING * * *
The polar bear claws you but does no damage. x2
The polar bear bites you but does no damage.
The polar bear claws you but does no damage.
The polar bear claws you.
* * * LOW HITPOINT WARNING * * *
The polar bear bites you.
* * * LOW HITPOINT WARNING * * *
The polar bear claws you but does no damage.
The polar bear claws you.
* * * LOW HITPOINT WARNING * * *
The polar bear barely misses you. The polar bear claws you.
* * * LOW HITPOINT WARNING * * *
The polar bear claws you.
* * * LOW HITPOINT WARNING * * *
The polar bear bites you. The polar bear barely misses you.
The polar bear claws you.
* * * LOW HITPOINT WARNING * * *
The polar bear bites you but does no damage.
The polar bear claws you but does no damage. x2
The polar bear bites you.
* * * LOW HITPOINT WARNING * * *
The polar bear claws you but does no damage. x2
The polar bear bites you!!
You die...
Your body glows with a rainbow of weird colours and disappears.

..>..? ...... #.##
.⌠.⌠..# ## ##....
..... ### ..# ......
.... #.####.# #.....
#..##......# ##.....
#.h#2.†...# #......
#@&.....# #......
##......# #.<....
#......####...... ..
#....#.##.#......
....#.....####.......
...........#..........
..........†.††........
.......###..†..#......
.....### ##..†.###..†.


You could see a polar bear (berserk, ally target), the friendly Liygikhloam
(summoned) and a friendly lorocyproca (summoned, invisible).

Vanquished Creatures
  A boulder beetle (Lair:1)
  A centaur warrior (D:11)
  4 hydras
  2 two-headed ogres
  Nergalle (Lair:2)
  An orb spider (Lair:3)
  A deep elf pyromancer (D:9)
  2 ugly things (IceCv)
  7 elephants
  2 black mambas (Lair:3)
  7 cane toads
  A torpor snail (Lair:1)
  An unseen horror (D:10)
  5 rime drakes
  4 komodo dragons
  A troll (D:11)
  A polar bear (Lair:3)
  A tyrant leech (Lair:2)
  2 hornets (D:9)
  A wind drake (Lair:3)
  13 blink frogs
  17 yaks
  5 wyverns
  3 basilisks (Lair:1)
  2 wraiths
  Eustachio (D:5)
  A steam dragon (D:9)
  A death yak simulacrum (IceCv)
  9 vampire mosquitoes
  3 swamp worms (Lair:2)
  3 acid dragons
  12 water moccasins
  2 orc warriors (D:9)
  A sky beast (D:7)
  2 black bears (D:10)
  2 ogres
  3 wolves (Lair:1)
  4 centaurs
  A phantom (D:6)
  12 bullfrogs
  A gnoll sergeant (D:10)
  4 necrophages
  5 scorpions
  7 wights
  6 killer bees
  6 howler monkeys (D:9)
  An electric eel (D:11)
  5 orc priests
  2 gnoll boudas
  A jelly (D:7)
  Jessica (D:3)
  5 iguanas
  26 orc wizards
  2 polar bear simulacra (IceCv)
  2 wolf simulacra (IceCv)
  16 gnolls
  8 adders
  A white imp (D:7)
  An ufetubus (D:4)
  A worm (D:4)
  A dart slug (D:5)
  24 orcs
  6 ball pythons
  11 endoplasms
  5 giant cockroaches
  8 goblins
  7 hobgoblins
  3 jackals (D:3)
  A quokka (D:1)
  9 bats
  6 frilled lizards
  6 kobolds
  3 rats
334 creatures vanquished.

Vanquished Creatures (collateral kills)
  A two-headed ogre (D:5)
  An elephant (Lair:4)
  4 blink frogs (Lair:1)
  A basilisk (Lair:4)
  An orc wizard (D:9)
8 creatures vanquished.

Vanquished Creatures (others)
  5 bushes (D:7)
  35 fungi
  58 plants
  4 toadstools (D:1)
102 creatures vanquished.

Grand Total: 444 creatures vanquished

Notes
Turn   | Place    | Note
-------+----------+-------------------------------------------
     0 | D:1      | Flugkiller the Ghoul Earth Elementalist began the quest for
                  | the Orb.
     0 | D:1      | Reached XP level 1. HP: 14/14 MP: 2/2
   172 | D:1      | Reached XP level 2. HP: 20/20 MP: 2/4
   422 | D:1      | Reached skill level 1 in Fighting
   478 | D:1      | Reached XP level 3. HP: 28/28 MP: 0/5
   482 | D:1      | Learned a level 3 spell: Stone Arrow
   865 | D:2      | Found a sparkling altar of Nemelex Xobeh.
   878 | D:2      | Became a worshipper of Nemelex Xobeh the Trickster
  1291 | D:3      | Reached XP level 4. HP: 35/35 MP: 4/6
  1342 | D:3      | Noticed Jessica
  1346 | D:3      | Killed Jessica
  1347 | D:3      | Reached skill level 5 in Earth Magic
  1347 | D:3      | Reached skill level 1 in Invocations
  1536 | D:3      | Reached skill level 1 in Short Blades
  1600 | D:3      | Reached XP level 5. HP: 33/41 MP: 4/7
  1840 | D:3      | Reached * piety under Nemelex Xobeh
  2148 | D:2      | Reached skill level 2 in Invocations
  2544 | D:3      | Received a gift from Nemelex Xobeh
  2795 | D:3      | Reached skill level 3 in Invocations
  2795 | D:3      | Reached XP level 6. HP: 20/48 MP: 0/8
  3200 | D:4      | Reached skill level 1 in Conjurations
  4195 | D:5      | Entered Level 5 of the Dungeon
  4222 | D:5      | Received a gift from Nemelex Xobeh
  4239 | D:5      | Reached ** piety under Nemelex Xobeh
  4267 | D:5      | Identified the +2 robe of Soucwoara {rF++ rN+ Dex-5}
  4426 | D:5      | Received a gift from Nemelex Xobeh
  4443 | D:5      | Noticed a two-headed ogre
  4520 | D:5      | Reached XP level 7. HP: 55/55 MP: 6/9
  4589 | D:5      | Noticed Eustachio
  4903 | D:5      | Killed Eustachio
  4904 | D:5      | Reached skill level 4 in Invocations
  5291 | D:5      | Killed a two-headed ogre
  5292 | D:5      | Reached skill level 6 in Invocations
  5292 | D:5      | Reached XP level 8. HP: 25/66 MP: 7/11
  6413 | D:6      | Reached *** piety under Nemelex Xobeh
  6413 | D:6      | Received a gift from Nemelex Xobeh
  6443 | D:6      | Got Lom Lobon's Quarto of Concussion
  6479 | D:6      | Found a snail-covered altar of Cheibriados.
  6531 | D:6      | Reached XP level 9. HP: 68/71 MP: 6/12
  6593 | D:6      | Found a hide-covered altar of Uskayaw.
  6602 | D:6      | Found a burning altar of Makhleb.
  6606 | D:6      | Found a radiant altar of Vehumet.
  6752 | D:6      | You fall into a shaft and drop 3 floors!
  6790 | D:9      | Noticed a hornet
  6799 | D:9      | Killed a hornet
  6985 | D:9      | Reached skill level 10 in Earth Magic
  7094 | D:9      | Noticed a deep elf pyromancer
  7112 | D:9      | Killed a deep elf pyromancer
  7113 | D:9      | Reached skill level 7 in Invocations
  7149 | D:9      | Reached skill level 8 in Invocations
  7438 | D:9      | Received a gift from Nemelex Xobeh
  7464 | D:9      | Noticed a two-headed ogre
  7483 | D:9      | Killed a two-headed ogre
  7484 | D:9      | Reached XP level 10. HP: 39/83 MP: 10/15
  8347 | D:7      | Reached skill level 5 in Spellcasting
  8350 | D:7      | Noticed a gargoyle
  9114 | D:7      | Reached **** piety under Nemelex Xobeh
  9248 | D:7      | Found a transporter.
  9249 | D:7      | Noticed kae's ghost (novice DsGl)
  9293 | D:7      | Identified the +3 dire flail "Unam" {pain, SInv}
  9293 | D:7      | Noticed a two-headed ogre
  9297 | D:7      | Received a gift from Nemelex Xobeh
  9311 | D:7      | Found a staircase to the Ecumenical Temple.
 10127 | D:8      | Reached skill level 5 in Evocations
 10266 | D:8      | Received a gift from Nemelex Xobeh
 10372 | D:8      | Reached XP level 11. HP: 83/89 MP: 13/17
 10401 | D:8      | Reached skill level 9 in Invocations
 11318 | D:8      | Reached ***** piety under Nemelex Xobeh
 11329 | D:8      | Received a gift from Nemelex Xobeh
 11575 | D:9      | Identified the +2 pair of gloves "Hotog" {Will+ Int+3}
 11782 | D:10     | Entered Level 10 of the Dungeon
 11910 | D:10     | Reached skill level 1 in Armour
 11980 | D:10     | Reached skill level 10 in Invocations
 12359 | D:10     | Found a staircase to the Lair.
 12689 | D:11     | Received a gift from Nemelex Xobeh
 13269 | D:11     | Noticed a two-headed ogre
 13289 | D:11     | Killed a two-headed ogre
 13290 | D:11     | Reached skill level 5 in Armour
 13592 | D:11     | Noticed a centaur warrior
 13869 | D:11     | Killed a centaur warrior
 14253 | D:10     | Learned a level 4 spell: Petrify
 14255 | Lair:1   | Entered Level 1 of the Lair of Beasts
 14261 | Lair:1   | Reached skill level 1 in Transmutations
 14795 | Lair:1   | Reached XP level 12. HP: 90/101 MP: 18/18
 14861 | Lair:1   | Reached skill level 1 in Long Blades
 15169 | Lair:1   | Noticed a five-headed hydra
 15171 | Lair:1   | Found a transporter.
 15173 | Lair:1   | Found a transporter.
 15173 | Lair:1   | Noticed a boulder beetle
 15360 | Lair:1   | Noticed a boulder beetle
 15360 | Lair:1   | a five-headed hydra changed into a boulder beetle
 15361 | Lair:1   | Killed a boulder beetle
 15802 | Lair:1   | Received a gift from Nemelex Xobeh
 16766 | Lair:1   | Received a gift from Nemelex Xobeh
 16957 | Lair:2   | Found a runed translucent gate.
 16957 | Lair:2   | Found a runed translucent gate.
 16957 | Lair:2   | Found a runed translucent gate.
 16962 | Lair:2   | Noticed Nergalle
 16977 | Lair:2   | Killed Nergalle
 16978 | Lair:2   | Reached skill level 5 in Transmutations
 17068 | Lair:2   | Noticed stringoo's ghost (journeyman OpGl)
 17110 | Lair:2   | Found a runed translucent door.
 17312 | Lair:2   | Noticed a four-headed hydra
 17319 | Lair:2   | Killed a four-headed hydra
 17320 | Lair:2   | Reached skill level 5 in Long Blades
 17707 | Lair:2   | Received a gift from Nemelex Xobeh
 17716 | Lair:2   | Noticed Gastronok
 18292 | Lair:2   | Noticed a five-headed hydra
 18789 | Lair:2   | Killed a five-headed hydra
 18790 | Lair:2   | Reached skill level 11 in Invocations
 18790 | Lair:2   | Reached XP level 13. HP: 76/111 MP: 6/21
 18965 | Lair:2   | Found a staircase to the Swamp.
 19243 | Lair:3   | Found a hole to the Spider Nest.
 19383 | Lair:3   | Found a frozen archway.
 19422 | Lair:3   | Reached ****** piety under Nemelex Xobeh
 19623 | IceCv    | Entered an ice cave
 19630 | IceCv    | Found a transporter.
 19643 | IceCv    | Found a transporter.
 19896 | Lair:3   | Received a gift from Nemelex Xobeh
 20754 | Lair:4   | Slain by a polar bear

Illustrated notes

Levels and vault maps discovered:
D:1:      ldierk_walled_garden_2, layout_rooms, minmay_misc_feat_hallway,
          chequers_serial_rivers_room_b, st_stairs_10, kennysheep_another_room
D:2:      layout_loops_cross, basic_altar
D:3:      kennysheep_six_static_rooms, layout_loops_cross, uniq_jessica
D:4:      layout_gridville, kennysheep_decorative_pillar
D:5:      layout_basic, uniq_eustachio
D:6:      minmay_flawed_box, layout_loops_corners,
          mainiacjoe_overflow_six_doors_small, minitemple
D:7:      minmay_klotski, layout_basic, temple_statues, gammafunk_ghost_smash,
          kennysheep_dice
D:8:      layout_layer_cave
D:9:      layout_rooms, grunt_ministairs_11
D:10:     layout_cave_pools, due_lair_maze_entry_diamond, serial_column_ruins,
          column_ruins_grid_4, column_ruins_columns_water,
          column_ruins_columns_corner, column_ruins_grid_1,
          column_ruins_columns_straight, column_ruins_corridor_straight
D:11:     layout_rooms, nrook_pool_corridor, mrwooster_statue_mirror
Lair:1:   gammafunk_boulding_lane, layout_regular_city
Lair:2:   dreamdust_labyrinth, layout_gridlike, palyth_hydra_swamp_entry,
          gammafunk_ghost_necromancy, serial_bayou_shore_a, uniq_nergalle,
          uniq_gastronok
Lair:3:   layout_cave_pods, nicolae_spider_entry_orb_guardian,
          portal_ice_cave_entry_pillars_1, chequers_serial_rivers_large_a
Lair:4:   layout_cave_pods, gauntlet_entry_generic,
          nzn_masters_of_martial_movement, grunt_megastairs_2

Skill      XL: |  1  2  3  4  5  6  7  8  9 10 11 12 13 |
---------------+----------------------------------------+-----
Spellcasting   | 2 3 5 6 |  6.0
Earth Magic    | 4 5 6 7 10 | 10.0
Fighting       | 1 2 4 6 8 9 |  9.0
Invocations    | 1 3 6 8 10 11 | 11.0
Short Blades   | 1 2 |  2.0
Conjurations   | 2 4 |  4.0
Evocations     | 2 3 4 5 6 |  6.0
Armour         | 5 |  5.0
Transmutations | 3 5 |  5.0
Long Blades    | 5 9 |  9.9
Dodging        | |  1.7
Stealth        | |  2.1

Action                   |  1- 3 |  4- 6 |  7- 9 | 10-12 | 13-15 || total
-------------------------+-------+-------+-------+-------+-------++-------
Melee: Unarmed           |    26 |       |       |       |       ||    26
       Dagger            |    11 |       |       |       |       ||    11
       Short sword       |       |    37 |    43 |    38 |       ||   118
       Long sword        |       |       |       |    68 |    61 ||   129
       Punch             |       |       |       |     2 |     3 ||     5
       Staff             |       |       |       |       |     9 ||     9
 Cast: Sandblast         |    55 |   136 |   127 |   396 |    44 ||   758
       Stone Arrow       |       |       |       |    55 |    29 ||    84
       Petrify           |       |       |       |     4 |     1 ||     5
Invok: Draw Destruction  |       |       |    13 |    16 |     9 ||    38
       Draw Summoning    |       |       |     1 |     3 |     2 ||     6
       Draw Escape       |       |       |     1 |       |       ||     1
Evoke: Wand              |       |       |     4 |       |       ||     4
  Use: Potion            |       |     2 |       |     3 |       ||     5
       Scroll            |       |     5 |       |    15 |     2 ||    22
 Stab: Petrified         |       |       |       |    13 |       ||    13
       Petrifying        |       |       |       |     1 |       ||     1
Armor: Robe              |    21 |    75 |    18 |       |       ||   114
       Leather armour    |       |       |    47 |   305 |   103 ||   455
Dodge: Dodged            |    41 |   106 |   102 |   389 |   117 ||   755

Table legend: (Time is in decaauts)
 A = Elapsed time spent in this place.
 B = Non-inter-level travel time spent in this place.
 C = Inter-level travel time spent in this place.
 D = Time resting spent in this place.
 E = Time spent auto-exploring this place.
 F = Levels seen in this place.
 G = Mean time per level.
                   A        B        C        D        E       F      G
               +--------+--------+--------+--------+--------+-----+--------+
         Total |  21215 |  20736 |    479 |   8629 |   8295 |  16 | 1325.9 |
       Dungeon |  15317 |  15015 |    302 |   6127 |   6159 |  11 | 1392.5 |
          Lair |   5840 |   5664 |    176 |   2502 |   2136 |   4 | 1460.0 |
      Ice Cave |     57 |     57 |      0 |      0 |      0 |   1 |   57.0 |
               +--------+--------+--------+--------+--------+-----+--------+

Top non-repeatable levels by time:
  Lair:2: 2196 daAuts
  Lair:1: 2152 daAuts
    D:10: 1855 daAuts
     D:9: 1849 daAuts
     D:3: 1731 daAuts
     D:8: 1467 daAuts
     D:5: 1466 daAuts
     D:7: 1441 daAuts
     D:6: 1399 daAuts
  Lair:3: 1362 daAuts
    D:11: 1302 daAuts
     D:4: 1196 daAuts
     D:2: 897 daAuts
     D:1: 710 daAuts
  Lair:4: 129 daAuts
